 Dungeon Crawl Stone Soup version 0.30.1-9-gdf580d7c3d (webtiles) character file.

Game seed: 1737990092937073162

47815 booth the Cleaver (level 14, 0/118 HPs)
             Began as a Demonspawn Gladiator on Oct 2, 2023.
             Was an Initiate of Gozag.
             Slain by a six-headed hydra (2 damage)
             ... while petrified by a basilisk
             ... on level 5 of the Lair of Beasts on Oct 3, 2023.
             The game lasted 01:47:29 (18494 turns).

booth the Cleaver (Demonspawn Gladiator)           Turns: 18494, Time: 01:47:29

Health: 0/118      AC: 21    Str: 19    XL:     14   Next: 10%
Magic:  14/14      EV:  2    Int: 11    God:    Gozag
Gold:   3359       SH:  0    Dex: 16    Spells: 13/13 levels left

rFire   + + .        V - +7 mace of Honoecs {freeze, +Blink rPois Str+2}
rCold   + . .        (no shield)
rNeg    + + +        b - +3 ring mail {rF+}
rPois   ∞            c - +0 helmet
rElec   .            y - +0 cloak
rCorr   .            U - +0 pair of gloves
SInv    .            z - +0 pair of boots
Will    +....        M - amulet of reflection
Stlth   ++++         G - ring of protection from fire
HPRegen 0.39/turn    L - ring of protection from cold
MPRegen 0.14/turn

%: random rage (3%), reflection
@: petrified, studying 2 skills
A: rugged brown scales 3, icemail 1, spiny 1, condensation shield, weakness
stinger 2, berserk 1
a: Renounce Religion, Evoke Blink, Potion Petition, Call Merchant, Bribe Branch


You were on level 5 of the Lair of Beasts.
You worshipped Gozag.
Gozag was most pleased with you.
You visited 3 branches of the dungeon, and saw 17 of its levels.

You collected 4262 gold pieces.
You spent 782 gold pieces at shops.
You paid 121 gold pieces to Gozag.

Inventory:

Hand Weapons
 g - the +8 whip "Huwkople" {drain, Fly}
   (You found it on level 2 of the Dungeon)

   Fly:       It grants you flight.
 r - a +3 war axe of electrocution
 P - a +0 spectral battleaxe
 V - the +7 mace of Honoecs (weapon) {freeze, +Blink rPois Str+2}
   (You found it on level 3 of the Lair of Beasts)

   Str:       It affects your strength (+2).
   rPois:     It protects you from poison.
   +Blink:    It lets you blink.
Missiles
 d - 2 throwing nets
 e - 11 javelins
 p - 13 poisoned darts
 A - 21 boomerangs (quivered)
 H - 6 curare-tipped darts
Armour
 b - a +3 ring mail of fire resistance (worn)
 c - a +0 helmet (worn)
 q - a +0 leather armour of cold resistance
 y - a +0 cloak (worn)
 z - a +0 pair of boots (worn)
 U - a +0 pair of gloves (worn)
Jewellery
 C - a ring of flight
 G - a ring of protection from fire (left hand)
 L - a ring of protection from cold (right hand)
 M - an amulet of reflection (around neck)
 W - a ring of see invisible
 X - a +6 ring of intelligence
Wands
 o - a wand of mindburst (26)
 u - a wand of paralysis (20)
 B - a wand of polymorph (8)
 E - a wand of digging (6)
 O - a wand of iceblast (18)
Scrolls
 a - 2 scrolls of immolation
 h - a scroll of vulnerability
 i - 5 scrolls of teleportation
 j - 5 scrolls of fear
 m - 2 scrolls of brand weapon
 t - a scroll of magic mapping
 I - 2 scrolls of fog
 K - 2 scrolls of poison
 T - a scroll of silence
 Z - a scroll of butterflies
Potions
 f - 8 potions of curing
 k - 3 potions of heal wounds
 s - 2 potions of attraction
 v - 2 potions of ambrosia
 w - 2 potions of flight
 x - 5 potions of lignification
 F - 4 potions of haste
 J - a potion of invisibility
 R - a potion of berserk rage
 S - a potion of might
 Y - a potion of resistance


   Skills:
 + Level 10.9 Fighting
 * Level 13.9 Axes
 + Level 9.9 Throwing
 + Level 6.7 Armour
 - Level 7.6 Dodging
 + Level 12.0 Stealth


You had 13 spell levels left.
You didn't know any spells.
Your spell library contained the following spells:

 Spells                   Type           Power      Damage    Failure   Level
 Sandblast                Erth           0%         2d4       50%         1
 Passwall                 Tmut/Erth      0%         N/A       65%         2
 Sublimation of Blood     Necr           0%         N/A       65%         2
 Wereblood                Tmut           0%         N/A       65%         2
 Dazzling Flash           Conj/Hex       0%         N/A       86%         3
 Stone Arrow              Conj/Erth      0%         3d7       86%         3
 Volatile Blastmotes      Fire/Tloc      0%         2d10      86%         3
 Iskenderun's Mystic Bla  Conj/Tloc      0%         2d3       99%         4
 Olgreb's Toxic Radiance  Pois           0%         N/A       99%         4
 Starburst                Conj/Fire      0%         6d3       100%        6
 Summon Hydra             Summ           0%         N/A       100%        7
 Discord                  Hex            0%         N/A       100%        8
 Ignition                 Fire           0%         3d3       100%        8


Dungeon Overview and Level Annotations

Branches:
Dungeon (11/15)            Temple (1/1) D:4            Lair (5/5) D:11
 Shoals (0/4) Lair:3       Spider (0/4) Lair:3          Orc (0/2) D:11
  Slime: Lair:4-5

Altars:
Ashenzari
Cheibriados
Dithmenos
Fedhas
Gozag
Hepliaklqana
Kikubaaqudgha
Makhleb
Nemelex Xobeh
Okawaru
Qazlal
Ru
Sif Muna
Trog
Uskayaw
Vehumet
Wu Jian
Xom
Yredelemnul

Shops:
D:6 [   D:10 :!=*

Annotations:
D:10 3 runed translucent doors, CastCrusader's ghost, novice DsNe


Innate Abilities, Weirdness & Mutations

You are completely covered in rugged brown scales. (AC +3, +7% HP)
A meltable icy envelope protects you from harm. (AC +4)
You are partially covered in sharp spines.
A meltable shield of frost defends you. (SH +4)
You have a tail ending in a sharp stinger.
You sometimes lose your temper in combat.


Message History

The six-headed hydra completely misses you.
The six-headed hydra bites you but does no damage.
The six-headed hydra bites you. x3
The dream sheep is no longer distracted by gold.
The dream sheep is distracted by your dazzling golden aura.
The six-headed hydra bites you but does no damage. x3
The six-headed hydra bites you. The six-headed hydra bites you!
* * * LOW HITPOINT WARNING * * *
The six-headed hydra bites you.
* * * LOW HITPOINT WARNING * * *
The six-headed hydra is struck by your spines.
The six-headed hydra barely misses you. The six-headed hydra bites you!
* * * LOW HITPOINT WARNING * * *
The six-headed hydra bites you but does no damage.
The six-headed hydra bites you. The six-headed hydra bites you!
* * * LOW HITPOINT WARNING * * *
The six-headed hydra bites you.
* * * LOW HITPOINT WARNING * * *
The dream sheep bleats!
The dream sheep is no longer distracted by gold.
The six-headed hydra is struck by your spines.
The six-headed hydra bites you!
* * * LOW HITPOINT WARNING * * *
The six-headed hydra bites you.
* * * LOW HITPOINT WARNING * * *
The six-headed hydra bites you.
* * * LOW HITPOINT WARNING * * *
The six-headed hydra bites you but does no damage.
The six-headed hydra bites you!
* * * LOW HITPOINT WARNING * * *
The six-headed hydra bites you.
* * * LOW HITPOINT WARNING * * *
The six-headed hydra is struck by your spines.
The six-headed hydra bites you but does no damage.
The six-headed hydra bites you!
* * * LOW HITPOINT WARNING * * *
The six-headed hydra bites you but does no damage.
The six-headed hydra bites you.
You die...
Your body crumbles into a pile of gold.

##. ##.. ..... .....####
........# #########
........### #..P.#.[#
........YY###......###
......$.YYD@.........######
........lY##..............##
.......$Y###..............#.
.........# #....~..~~~...~#.
.......###....~P...~......~.
#..#### .~.~...~~~~P~P~...~
#.. ..~~~~~≈~~~#~~~≈~.~. .#
~~~~~~~≈~~≈###~~≈~~.
~.~~~~≈~###≈~~~~≈~


You could see a six-headed hydra, a basilisk and 6 dream sheep.

Vanquished Creatures
  2 hydras
  A two-headed ogre (D:11)
  A boulder beetle (Lair:2)
  Erica (D:8)
  Urug (D:11)
  16 death yaks
  Nergalle (Lair:1)
  3 skysharks
  A goliath frog (Lair:5)
  2 lindwurms
  A manticore (Lair:2)
  A cyclops (D:11)
  4 elephants (Lair:5)
  4 black mambas
  A torpor snail (Lair:3)
  4 rime drakes
  15 cane toads
  An unseen horror (D:11)
  5 komodo dragons
  2 trolls
  2 tyrant leeches (Lair:5)
  A polar bear (Lair:5)
  20 blink frogs
  A shadow (D:11)
  35 yaks
  4 wraiths
  A vampire (D:11)
  3 wyverns
  3 basilisks
  2 steam dragons (D:9)
  2 redbacks (Lair:3)
  11 vampire mosquitoes
  3 wargs (D:11)
  An acid dragon (D:9)
  15 water moccasins
  4 orc warriors
  4 ice beasts
  2 sky beasts (D:8)
  2 black bears
  2 centaurs
  3 wolves
  2 ogres (D:4)
  Blork the orc (D:4)
  A phantom (D:6)
  2 gnoll sergeants
  17 bullfrogs
  3 scorpions
  13 wights
  6 killer bees (D:10)
  4 howler monkeys
  3 electric eels
  7 hounds
  4 orc priests
  A jelly (D:8)
  A sleepcap (D:7)
  14 orc wizards
  5 iguanas
  12 hell rats
  3 adders
  9 gnolls
  2 white imps
  An ufetubus (D:6)
  A worm (D:3)
  5 dart slugs
  38 orcs
  4 bats
  9 endoplasms
  3 giant cockroaches
  4 goblins
  5 hobgoblins
  3 jackals (D:3)
  4 quokkas
  6 ball pythons
  4 frilled lizards
  A kobold (D:2)
  A rat (D:1)
387 creatures vanquished.

Vanquished Creatures (others)
  A goblin (D:1)
  9 spectral weapons
10 creatures vanquished.

Grand Total: 397 creatures vanquished

Notes
Turn   | Place    | Note
-------+----------+-------------------------------------------
     0 | D:1      | booth the Demonspawn Gladiator began the quest for the Orb.
     0 | D:1      | Reached XP level 1. HP: 16/16 MP: 1/1
   201 | D:1      | Gained mutation: You are partially covered in rugged brown
                  | scales. (AC +1, +3% HP) [demonic ancestry]
   201 | D:1      | Reached XP level 2. HP: 16/22 MP: 2/2
   741 | D:1      | Reached skill level 3 in Axes
  1042 | D:2      | Identified the +8 whip "Huwkople" {drain, Fly}
  1198 | D:2      | Found a faded altar of an unknown god.
  1529 | D:2      | Gained mutation: You are partially covered in sharp spines.
                  | [demonic ancestry]
  1529 | D:2      | Reached XP level 3. HP: 28/28 MP: 3/3
  1783 | D:3      | You are sucked into a shaft and drop 2 floors!
  1783 | D:5      | Entered Level 5 of the Dungeon
  1801 | D:4      | Noticed Blork the orc
  1814 | D:4      | Killed Blork the orc
  1815 | D:4      | Gained mutation: A meltable shield of frost defends you.
                  | (SH +4) [demonic ancestry]
  1815 | D:4      | Reached XP level 4. HP: 27/35 MP: 4/4
  1903 | D:4      | Found a blossoming altar of Fedhas.
  1969 | D:4      | Noticed a scorpion
  1976 | D:4      | Killed a scorpion
  1977 | D:4      | Reached skill level 4 in Axes
  1977 | D:4      | Gained mutation: You have a small tail. [demonic ancestry]
  1977 | D:4      | Reached XP level 5. HP: 42/42 MP: 5/5
  2358 | D:3      | Found a hide-covered altar of Uskayaw.
  2730 | D:3      | Identified a scroll of acquirement
  2730 | D:3      | Acquired a +2 war axe of electrocution
  3039 | D:4      | Noticed an ogre
  3049 | D:4      | Killed an ogre
  3050 | D:4      | Reached XP level 6. HP: 48/48 MP: 6/6
  3373 | D:4      | Found a staircase to the Ecumenical Temple.
  3387 | Temple   | Entered the Ecumenical Temple
  3450 | D:4      | Gained mutation: You are mostly covered in rugged brown
                  | scales. (AC +2, +5% HP) [demonic ancestry]
  3450 | D:4      | Reached XP level 7. HP: 49/55 MP: 7/7
  3614 | D:5      | Reached skill level 5 in Axes
  3638 | D:5      | Found an iron altar of Okawaru.
  3638 | D:5      | Found a stormy altar of Qazlal.
  3652 | D:5      | Found a burning altar of Makhleb.
  3657 | D:5      | Found a shadowy altar of Dithmenos.
  3665 | D:5      | Found a bloodstained altar of Trog.
  4200 | D:6      | Gained mutation: A meltable icy envelope protects you from
                  | harm. (AC +4) [demonic ancestry]
  4200 | D:6      | Reached XP level 8. HP: 64/64 MP: 8/8
  4205 | D:6      | Reached skill level 6 in Axes
  4432 | D:6      | Reached skill level 5 in Fighting
  4438 | D:6      | Reached skill level 5 in Dodging
  4498 | D:6      | Found Kisewnap's Armour Boutique.
  4507 | D:6      | Bought a +0 pair of boots for 67 gold pieces
  4610 | D:6      | Found a sparkling altar of Nemelex Xobeh.
  4611 | D:6      | Found an opulent altar of Gozag.
  4618 | D:6      | Became a worshipper of Gozag Ym Sagoz the Greedy
  4941 | D:6      | Found a snail-covered altar of Cheibriados.
  4946 | D:6      | Found an ornate altar of the Wu Jian Council.
  5419 | D:7      | Found a broken altar of Ashenzari.
  5584 | D:7      | Reached skill level 7 in Axes
  5978 | D:7      | Gained mutation: You sometimes lose your temper in combat.
                  | [potion of mutation]
  6016 | D:8      | Reached skill level 5 in Throwing
  6017 | D:8      | Reached XP level 9. HP: 71/72 MP: 9/9
  6439 | D:8      | Noticed Erica
  6449 | D:8      | Killed Erica
  6450 | D:8      | Reached skill level 8 in Axes
  7320 | D:9      | Reached skill level 1 in Stealth
  7334 | D:9      | Gained mutation: You have a tail ending in a sharp stinger.
                  | [demonic ancestry]
  7334 | D:9      | Reached XP level 10. HP: 65/80 MP: 10/10
  7465 | D:9      | Reached skill level 9 in Axes
  8206 | D:10     | Entered Level 10 of the Dungeon
  8269 | D:10     | Found a runed translucent gate.
  8269 | D:10     | Found a runed translucent gate.
  8269 | D:10     | Found a runed translucent gate.
  8270 | D:10     | Noticed a 12-headed hydra
  8271 | D:10     | Noticed CastCrusader's ghost (novice DsNe)
  8271 | D:10     | Noticed a 12-headed hydra
  8288 | D:10     | Found Teosaps's Book Emporium.
  8356 | D:10     | Reached skill level 5 in Stealth
  8551 | D:10     | Reached skill level 10 in Axes
  8571 | D:10     | Reached XP level 11. HP: 74/89 MP: 11/11
  8707 | D:10     | Found Ampiss's General Store.
  9142 | D:10     | Found Otoulov's Jewellery Emporium.
  9152 | D:10     | Bought a ring of protection from cold for 325 gold pieces
  9153 | D:10     | Bought an amulet of reflection for 390 gold pieces
  9163 | D:10     | Found Getadesu's Distillery.
  9548 | D:11     | Reached skill level 1 in Armour
  9845 | D:11     | Noticed Urug
  9869 | D:11     | Killed Urug
 10032 | D:11     | Noticed a two-headed ogre
 10050 | D:11     | Killed a two-headed ogre
 10162 | D:11     | Identified the +4 trident "Xoseni" {antimagic, Int+3 Dex+4}
 10270 | D:11     | Found a staircase to the Lair.
 10490 | D:11     | Reached skill level 11 in Axes
 10636 | D:11     | Found a staircase to the Orcish Mines.
 11083 | Lair:1   | Entered Level 1 of the Lair of Beasts
 11138 | Lair:1   | Noticed Nergalle
 11156 | Lair:1   | Killed Nergalle
 11163 | Lair:1   | You fall into a shaft and drop 1 floor!
 11523 | Lair:1   | Reached XP level 12. HP: 98/98 MP: 12/12
 12393 | Lair:2   | Noticed a boulder beetle
 12411 | Lair:2   | Killed a boulder beetle
 13011 | Lair:2   | Reached skill level 12 in Axes
 13852 | Lair:3   | Noticed a five-headed hydra
 13872 | Lair:3   | Killed a five-headed hydra
 14017 | Lair:3   | Identified the +7 mace of Honoecs {freeze, +Blink rPois
                  | Str+2}
 14141 | Lair:3   | Found a staircase to the Shoals.
 14143 | Lair:3   | Noticed a death yak
 14143 | Lair:3   | Noticed a death yak
 14143 | Lair:3   | Noticed a death yak
 14144 | Lair:3   | Noticed a death yak
 14145 | Lair:3   | Noticed a death yak
 14146 | Lair:3   | Noticed a death yak
 14147 | Lair:3   | Noticed a death yak
 14148 | Lair:3   | Noticed a death yak
 14148 | Lair:3   | Noticed a death yak
 14155 | Lair:3   | Noticed a death yak
 14159 | Lair:3   | Killed a death yak
 14613 | Lair:3   | Killed a death yak
 14614 | Lair:3   | Reached skill level 10 in Stealth
 14617 | Lair:3   | Killed a death yak
 14676 | Lair:3   | Killed a death yak
 14677 | Lair:3   | Gained mutation: You are completely covered in rugged brown
                  | scales. (AC +3, +7% HP) [demonic ancestry]
 14677 | Lair:3   | Reached XP level 13. HP: 91/110 MP: 13/13
 14699 | Lair:3   | Reached skill level 5 in Armour
 14708 | Lair:3   | Reached skill level 10 in Fighting
 15159 | Lair:3   | Found a hole to the Spider Nest.
 15797 | Lair:4   | Reached skill level 13 in Axes
 17214 | Lair:5   | Entered Level 5 of the Lair of Beasts
 17510 | Lair:5   | HP: 2/111 [tyrant leech (22)]
 18250 | Lair:5   | Reached XP level 14. HP: 115/118 MP: 14/14
 18494 | Lair:5   | HP: 2/118 [six-headed hydra (4)]
 18494 | Lair:5   | Slain by a six-headed hydra

Illustrated notes

Levels and vault maps discovered:
D:1:      nagdon_arrival_double_spiral, layout_basic, chequers_garden
D:2:      layout_basic, ebering_ecumenical_altar_mist, hangedman_decor_riveting,
          minmay_misc_feat_secret_circle, nicolae_titane
D:3:      layout_loops_ring, nicolae_uskayaw_suspiria, grunt_ministairs_14
D:4:      layout_basic, kennysheep_little_box, temple_statues,
          uniq_blork_the_orc
D:5:      layout_rooms, nicolae_overflow_hallway_of_the_gods
D:6:      layout_loops_ring, grunt_temple_overflow_opulence, lemuel_round_altar,
          mainiacjoe_overflow_big_doors, serial_shops,
          nicolae_shop_advertising_works [nicolae_subvault_shop_adworks]
D:7:      layout_loops_ring, nicolae_ashenzari_skybound
D:8:      layout_cave_pools, serial_bayou_lagoon_a, minmay_manual_macuahuitl,
          uniq_erica
D:9:      layout_roguey
D:10:     layout_loops_cross, serial_shops,
          nicolae_shop_competitors_out_of_business, nicolae_shop_rolling_square,
          shop, shop, gammafunk_ghost_hydra_chop, kennysheep_dice
D:11:     layout_layer_cave, lair_entry_dummy, david_orc_1_choice,
          serial_bayou_pond_a, uniq_urug
Temple:   hellmonk_temple_two_chambers
Lair:1:   layout_gridlike, minivault_11, beast_lair_carwin_3, uniq_nergalle
Lair:2:   layout_regular_city, pdpol_lair_cavern_descent
Lair:3:   layout_long_grid, elwin_shoals_entry_rocks, spider_nest_entry_webs
Lair:4:   layout_long_grid, grunt_megastairs_3
Lair:5:   minmay_lair_end_frog_pond, layout_cave_pods,
          nicolae_slime_entry_slimehenge

Skill      XL: |  1  2  3  4  5  6  7  8  9 10 11 12 13 14 |
---------------+-------------------------------------------+-----
Throwing       | 2 3 4 5 6 7 8 9 |  9.9
Axes           | 3 4 5 7 8 10 11 12 13 | 13.9
Dodging        | 3 4 5 6 7 |  7.6
Fighting       | 3 4 5 6 7 8 9 10 | 10.9
Stealth        | 1 5 7 10 11 12 | 12.0
Armour         | 2 4 6 |  6.7

Action                     |  1- 3 |  4- 6 |  7- 9 | 10-12 | 13-15 || total
---------------------------+-------+-------+-------+-------+-------++-------
  Melee: War axe           |    28 |       |    78 |   236 |       ||   342
         Whip              |    19 |    73 |   144 |    50 |       ||   286
         Tailslap          |       |     4 |    27 |    94 |    50 ||   175
         Punch             |       |     1 |     4 |     2 |     1 ||     8
         Battleaxe         |       |       |       |   172 |   201 ||   373
         Mace              |       |       |       |       |    16 ||    16
  Throw: Javelin           |     3 |     3 |     8 |    11 |     5 ||    30
         Dart              |       |     6 |     1 |     3 |     8 ||    18
         Throwing net      |       |       |       |     1 |       ||     1
         Boomerang         |       |       |       |    63 |    56 ||   119
  Evoke: Wand              |       |       |       |     1 |       ||     1
    Use: Scroll            |     5 |     1 |     9 |     7 |     4 ||    26
         Potion            |       |     2 |     4 |     1 |     5 ||    12
   Stab: Sleeping          |     1 |       |       |     4 |     1 ||     6
         Distracted        |       |       |     1 |     5 |     6 ||    12
 Armour: Leather armour    |    12 |       |       |       |       ||    12
         Ring mail         |       |    25 |    72 |   157 |    74 ||   328
  Dodge: Dodged            |    38 |    33 |    86 |   212 |   101 ||   470
  Block: Other             |       |     9 |    26 |   121 |    81 ||   237
         Reflection        |       |       |       |     1 |     2 ||     3
